 Dungeon Crawl Stone Soup version 0.29-a0-284-gf9362112df (webtiles) character file.

Game seed: 1091141904964164342

342 YayAnonymity the Vandal (level 6, 0/50 HPs)
             Began as a Minotaur Hunter on Mar 23, 2022.
             Slain by an ogre
             ... wielding a +0 giant club
              (25 damage)
             ... on level 3 of the Dungeon on Mar 25, 2022.
             The game lasted 00:09:46 (2939 turns).

YayAnonymity the Vandal (Minotaur Hunter)           Turns: 2939, Time: 00:09:47

Health: 0/50       AC:  9    Str: 16    XL:     6   Next: 30%
Magic:  5/5        EV: 11    Int:  6    God:
Gold:   143        SH:  0    Dex: 15    Spells: 5/5 levels left

rFire   . . .      SeeInvis .   b - +0 short sword (flame)
rCold   + . .      Faith    .   (no shield)
rNeg    . . .      Spirit   .   o - +2 ring mail {rC+}
rPois   .          Reflect  .   (helmet restricted)
rElec   .          Harm     .   (no cloak)
rCorr   .          Rampage  .   (no gloves)
Will    .....                   d - +1 pair of boots
Stlth   +.........              (no amulet)
HPRegen 0.16/turn               (no ring)
MPRegen 0.09/turn               (no ring)

@: no status effects
A: horns 2, retaliatory headbutt
a: no special abilities


You were on level 3 of the Dungeon.
You visited 1 branch of the dungeon, and saw 4 of its levels.

You collected 143 gold pieces.

Inventory:

Hand Weapons
 a - a +1 hunting sling
 b - a +0 short sword of flaming (weapon)
Missiles
 h - 3 boomerangs (quivered)
Armour
 d - a +1 pair of boots (worn)
 o - a +2 ring mail of cold resistance (worn)
Jewellery
 l - an amulet of reflection
 m - an amulet of guardian spirit
Scrolls
 c - a scroll of immolation
 i - 2 scrolls of silence {unknown}
 j - a scroll of fear
 k - a scroll of noise {unknown}
 p - 2 scrolls of teleportation {unknown}
Potions
 e - a potion of haste
 f - a potion of brilliance
 n - a potion of ambrosia
 q - a potion of berserk rage


   Skills:
 - Level 2.4 Fighting
 - Level 1.6 Polearms
 * Level 7.9 Slings
 - Level 3.0 Dodging
 - Level 0.7 Stealth


You had 5 spell levels left.
You didn't know any spells.
Your spell library contained the following spells:

 Spells                   Type           Power      Damage    Failure   Level
 Pain                     Necr           0%         1d4       67%         1
 Static Discharge         Conj/Air       0%         N/A       82%         2
 Agony                    Necr           0%         N/A       100%        5
 Excruciating Wounds      Necr           0%         N/A       100%        5
 Lightning Bolt           Conj/Air       0%         1d11      100%        5
 Maxwell's Capacitive Co  Air            0%         ∞         100%        8


Dungeon Overview and Level Annotations

Branches:
Dungeon (4/15)
 Temple: D:4-7

Altars:

Shops:
D:3 *


Innate Abilities, Weirdness & Mutations

You have a pair of horns on your head.
You reflexively headbutt those who attack you in melee.


Message History

The howler monkey is severely wounded.
The howler monkey hits you but does no damage.
An orc comes into view. It is wielding a +0 club.
You shoot a sling bullet.
The sling bullet hits the howler monkey!
You kill the howler monkey!
You shoot a sling bullet.
The sling bullet hits the orc but does no damage.
You shoot a sling bullet. The sling bullet hits the orc.
The orc is heavily wounded.
You shoot a sling bullet. The sling bullet hits the orc.
The orc is heavily wounded.
The orc closely misses you. You furiously retaliate!
You headbutt the orc, but do no damage. You shoot a sling bullet.
The sling bullet hits the orc.
You kill the orc!
The ogre closely misses you. The orc hits you but does no damage. x2
You shoot a sling bullet. The sling bullet hits the ogre!
The ogre is moderately wounded.
The ogre closely misses you. The orc hits you but does no damage. x2
You shoot a sling bullet. The sling bullet hits the ogre.
The ogre is moderately wounded.
The ogre hits you with a +0 giant club! The orc hits you but does no damage.
The orc misses you. The orc closely misses you.
The orc hits you but does no damage.
You climb upwards.
There is a stone staircase leading down here.
Your +0 short sword of flaming bursts into flame!
b - a +0 short sword of flaming (weapon)
The ogre hits you with a +0 giant club. The orc hits you but does no damage. x2
The orc closely misses you. The orc attacks as you move away!
The orc hits you but does no damage.
You hit the orc. You burn the orc. You headbutt the orc.
You kill the orc!
The orc hits you with a +0 short sword.
You hit the orc but do no damage. The orc hits you with a +0 short sword.
The ogre hits you with a +0 giant club!!
Ouch! That really hurt!
You die...

###..#....>.....####
#...#.#..####.......
#.####..##........##
#.# ##.##.###.##.#
####)#####.##.# #.##.#
#...>.......#.###.##.#
#...O.............##.##
#..#.##O###...#####...#
#..#.o@.# #.#.#####.#..
#..####.###.#..........
#..# #.....#.########.
#..# ##.#####...# #.
#..###..#####.#.# #.
#.............#.# #.
##.###...######.# #.
#.# ##.#######.######.
#.# #.#..............


You could see an ogre and an orc.

Vanquished Creatures
  A howler monkey (D:4)
  An orc priest (D:3)
  Jessica (D:2)
  Natasha (thrice) (D:2)
  An orc wizard (D:3)
  4 adders
  2 worms (D:2)
  A dart slug (D:3)
  17 orcs
  7 ball pythons
  6 bats
  11 endoplasms
  A giant cockroach (D:3)
  7 goblins
  6 hobgoblins
  5 jackals
  2 quokkas
  5 frilled lizards
  3 kobolds
  3 rats (D:2)
87 creatures vanquished.

Vanquished Creatures (others)
  20 plants (D:1)
20 creatures vanquished.

Grand Total: 107 creatures vanquished

Notes
Turn   | Place    | Note
-------+----------+-------------------------------------------
     0 | D:1      | YayAnonymity the Minotaur Hunter began the quest for the
                  | Orb.
     0 | D:1      | Reached XP level 1. HP: 18/18 MP: 0/0
   124 | D:1      | Reached XP level 2. HP: 25/25 MP: 1/1
   314 | D:1      | You fall into a shaft and drop 1 floor!
   501 | D:2      | Found a faded altar of an unknown god.
   522 | D:2      | Reached skill level 1 in Polearms
   564 | D:2      | Reached XP level 3. HP: 30/30 MP: 2/2
   593 | D:2      | Reached skill level 5 in Slings
  1222 | D:2      | Reached XP level 4. HP: 37/37 MP: 3/3
  1269 | D:2      | Noticed Jessica
  1272 | D:2      | Killed Jessica
  1295 | D:2      | Noticed Natasha
  1303 | D:2      | Killed Natasha
  1304 | D:2      | Reached skill level 6 in Slings
  1498 | D:2      | Noticed Natasha
  1501 | D:2      | Killed Natasha
  1502 | D:2      | Reached XP level 5. HP: 40/42 MP: 4/4
  1546 | D:2      | Noticed Natasha
  1555 | D:2      | Killed Natasha
  1889 | D:3      | Reached skill level 7 in Slings
  2526 | D:3      | Reached XP level 6. HP: 50/50 MP: 5/5
  2676 | D:3      | Found Wufil's Assorted Antiques.
  2939 | D:3      | Slain by an ogre

Illustrated notes

Levels and vault maps discovered:
D:1:      dpeg_arrival_lava_altar, layout_loops_cross, serial_bayou,
          serial_bayou_lake_a, serial_bayou_ford_a, serial_bayou_lagoon_a,
          serial_bayou_pond_e, hangedman_abyss_or_decor_lesser_grid
D:2:      layout_loops_cross, shapermc_ecumenical_altar_gd,
          minmay_misc_feat_roman, uniq_natasha, uniq_jessica
D:3:      layout_loops_ring, serial_shops, shop
D:4:      layout_gridville, minmay_misc_feat_encased

Skill      XL: |  1  2  3  4  5 |
---------------+----------------+-----
Dodging        | 3 |  3.0
Polearms       | 1 |  1.6
Slings         | 5 6 7 |  7.9
Fighting       | |  2.4
Stealth        | |  0.7

Action                   |  1- 3 |  4- 6 || total
-------------------------+-------+-------++-------
Melee: Trident           |    12 |    47 ||    59
       Headbutt          |       |    11 ||    11
       Short sword       |       |    18 ||    18
       Punch             |       |     1 ||     1
 Fire: Hunting sling     |    95 |   108 ||   203
  Use: Scroll            |       |     6 ||     6
Armor: Leather armour    |     1 |       ||     1
       Ring mail         |    13 |    60 ||    73
Dodge: Dodged            |    24 |    51 ||    75

Table legend: (Time is in decaauts)
 A = Elapsed time spent in this place.
 B = Non-inter-level travel time spent in this place.
 C = Inter-level travel time spent in this place.
 D = Time resting spent in this place.
 E = Time spent auto-exploring this place.
 F = Levels seen in this place.
 G = Mean time per level.
                   A        B        C        D        E       F      G
               +--------+--------+--------+--------+--------+-----+--------+
         Total |   3056 |   2945 |    111 |      0 |   2253 |   4 |  764.0 |
       Dungeon |   3056 |   2945 |    111 |      0 |   2253 |   4 |  764.0 |
               +--------+--------+--------+--------+--------+-----+--------+

Top non-repeatable levels by time:
     D:2: 1124 daAuts
     D:3: 1086 daAuts
     D:1: 826 daAuts
     D:4: 20 daAuts
